 Dungeon Crawl Stone Soup version 0.29-a0-100-g60f898f876 (webtiles) character file.

Game seed: 11116396905323335559

9 Essalna the Digger (level 2, 0/19 HPs)
             Began as a Demonspawn Earth Elementalist on Feb 14, 2022.
             Slain by a quokka (3 damage)
             ... on level 1 of the Dungeon.
             The game lasted 00:00:44 (466 turns).

Essalna the Digger (Demonspawn Earth Elementalist)   Turns: 466, Time: 00:00:45

Health: 0/19       AC:  2    Str:  8    XL:     2   Next: 6%
Magic:  5/5        EV: 12    Int: 16    God:
Gold:   13         SH:  0    Dex: 13    Spells: 4/5 levels left

rFire   . . .      SeeInvis .   h - +0 hand axe
rCold   . . .      Faith    .   (no shield)
rNeg    . . .      Spirit   .   b - +0 robe
rPois   .          Reflect  .   (helmet restricted)
rElec   .          Harm     .   (no cloak)
rCorr   .          Rampage  .   (no gloves)
Will    .....                   (no boots)
Stlth   ++........              (no amulet)
HPRegen 0.06/turn               (no ring)
MPRegen 0.09/turn               (no ring)

@: no status effects
A: horns 1
a: no special abilities


You were on level 1 of the Dungeon.
You visited 1 branch of the dungeon, and saw 1 of its levels.

You collected 13 gold pieces.

Inventory:

Hand Weapons
 h - a +0 hand axe (weapon)
Missiles
 c - 27 stones
Armour
 b - a +0 robe (worn)
Scrolls
 a - 2 scrolls of identify {unknown}
 e - a scroll of amnesia {unknown}
Potions
 d - a potion of curing {unknown}
 f - a potion of might {unknown}
 g - a potion of flight {unknown}


   Skills:
 - Level 1.7 Dodging
 - Level 1.7 Stealth
 + Level 2.3 Spellcasting
 - Level 0.8 Transmutations
 + Level 3.0 Earth Magic


You had 4 spell levels left.
You knew the following spells:

 Your Spells              Type           Power      Damage    Failure   Level
a - Sandblast             Erth           22%        2d7       6%          1

Your spell library contained the following spells:

 Spells                   Type           Power      Damage    Failure   Level
 Passwall                 Tmut/Erth      6%         N/A       14%         2
 Stone Arrow              Conj/Erth      12%        3d7       32%         3
 Petrify                  Tmut/Erth      8%         N/A       65%         4


Dungeon Overview and Level Annotations

Branches:
Dungeon (1/15)

Altars:


Innate Abilities, Weirdness & Mutations

You have a pair of small horns on your head.


Message History

The bat is severely wounded.
The bat hits you. The bat hits you but does no damage.
You closely miss the bat.
The bat is severely wounded.
The bat hits you but does no damage. x2
You barely miss the bat.
The bat is severely wounded.
The bat barely misses you. The bat hits you but does no damage.
You hit the bat.
You kill the bat!
The bat hits you but does no damage. The bat barely misses you.
The bat hits you but does no damage.
You have reached level 2!
Your demonic ancestry asserts itself...
A pair of horns grows on your head!
You closely miss the bat. The bat hits you but does no damage. x2
You hit the bat.
You kill the bat!
You hit the goblin.
You kill the goblin!
The quokka bites you.
You completely miss the quokka. The quokka closely misses you.
You hit the quokka.
The quokka is severely wounded.
The quokka closely misses you. The quokka barely misses you.
You hit the quokka but do no damage.
The quokka is severely wounded.
The quokka barely misses you.
You miss the quokka. Your headbutt misses the quokka.
The quokka is severely wounded.
The quokka completely misses you. The quokka closely misses you.
The quokka bites you.
* * * LOW HITPOINT WARNING * * *
The quokka closely misses you.
The quokka bites you but does no damage.
The quokka barely misses you. The quokka bites you.
* * * LOW HITPOINT WARNING * * *
The quokka closely misses you. The quokka bites you.
You die...

#### ##+#.... #.......
#....... #..... #####
#...####+ #...#
#####........
#######...####..@r....#
..........'..#.###....#
##........##...# #....#
#........###..# #g...#
#....).### #..# #....#
##..)...# #..# .......
.'......+ ....+......>.
##......#
###.##.........#
#..........
#.##.l..?....#


You could see a quokka.

Vanquished Creatures
  An endoplasm (D:1)
  A giant cockroach (D:1)
  2 goblins (D:1)
  A hobgoblin (D:1)
  2 ball pythons (D:1)
  2 bats (D:1)
  A rat (D:1)
10 creatures vanquished.

Notes
Turn   | Place    | Note
-------+----------+-------------------------------------------
     0 | D:1      | Essalna the Demonspawn Earth Elementalist began the quest
                  | for the Orb.
     0 | D:1      | Reached XP level 1. HP: 13/13 MP: 3/3
   407 | D:1      | Reached skill level 3 in Earth Magic
   454 | D:1      | Gained mutation: You have a pair of small horns on your
                  | head. [demonic ancestry]
   454 | D:1      | Reached XP level 2. HP: 12/19 MP: 5/5
   466 | D:1      | Slain by a quokka

Illustrated notes

Levels and vault maps discovered:
D:1:      minmay_arrival_open_corners, layout_basic,
          shapermc_ecumenical_altar_starsandcircs

Skill      XL: |  1 |
---------------+----+-----
Earth Magic    | 3 |  3.0
Dodging        | |  1.7
Stealth        | |  1.7
Spellcasting   | |  2.3
Transmutations | |  0.8

Action                   || total
-------------------------++-------
Melee: Hand axe          ||    28
       Unarmed           ||     8
 Cast: Sandblast         ||     3
Armor: Robe              ||    10
Dodge: Dodged            ||    41

Table legend: (Time is in decaauts)
 A = Elapsed time spent in this place.
 B = Non-inter-level travel time spent in this place.
 C = Inter-level travel time spent in this place.
 D = Time resting spent in this place.
 E = Time spent auto-exploring this place.
 F = Levels seen in this place.
 G = Mean time per level.
                   A        B        C        D        E       F      G
               +--------+--------+--------+--------+--------+-----+--------+
         Total |    473 |    473 |      0 |      0 |    380 |   1 |  473.0 |
       Dungeon |    473 |    473 |      0 |      0 |    380 |   1 |  473.0 |
               +--------+--------+--------+--------+--------+-----+--------+

Top non-repeatable levels by time:
     D:1: 473 daAuts
